Map: Celestial Enclave LE

Players

CheckMate - Winner!

  • Race: Terran Terran
  • League: Diamond
  • Spawn Location: 1:00

Чувашин

  • Race: Terran Terran
  • League: Diamond
  • Spawn Location: 7:00

VOD

Have the link to the VOD?

Description

Time

  • Played on: Jan. 31, 2026, 10:15 p.m.
  • Length: 39:40
Show
View Real Time Build Order
Export as new Build Order

CheckMate Terran - Winner!

Build Orders: Mech 

Get SALT Encoding   

  12  0:01  SCV  
  13  0:15  Supply Depot  
  13  0:17  SCV  
  14  0:26  Refinery  
  14  0:40  Barracks  
  14  0:49  Supply Depot  
  14  0:50  SCV  
  15  1:02  SCV  
  16  1:13  Refinery  
  16  1:14  SCV  
  17  1:26  SCV, Reaper  
  19  1:38  Orbital Command  
  19  1:53  Factory  
  19  2:05  SCV  
  20  2:12  Supply Depot  
  20  2:17  SCV  
  21  2:29  SCV  
  22  2:41  SCV  
  23  2:45  Starport, Factory Tech Lab  
  23  2:53  SCV  
  23  2:56  Marine  
  25  3:04  Cyclone  
  28  3:06  Bunker  
  28  3:11  SCV  
  29  3:14  Marine  
  30  3:23  SCV  
  28  3:58  Starport Tech Lab  
  28  3:59  Supply Depot  
  28  4:01  Fusion Core  
  28  4:04  Siege Tank, Command Center  
  28  4:08  SCV  
  32  4:15  Factory  
  32  4:20  SCV  
  33  4:32  SCV  
  33  4:48  Battlecruiser  
  33  4:52  Engineering Bay  
  39  4:57  Engineering Bay  
  39  4:59  Supply Depot  
  39  5:05  Factory Tech Lab  
  39  5:06  SCV  
  40  5:18  SCV  
  41  5:23  Refinery  
  41  5:24  Supply Depot  
  41  5:30  SCV  
  42  5:40  Widow Mine x2  
  46  5:46  Armory  
  46  5:48  SCV  
  47  6:00  SCV  
  48  6:21  Cyclone x2  
  48  6:27  Orbital Command  
  48  6:42  Factory  
  48  6:43  Factory  
  48  6:46  Missile Turret  
  48  6:57  Cyclone x2  
  54  7:08  Drilling Claws  
  54  7:11  SCV  
  55  7:16  Refinery  
  55  7:23  SCV  
  55  7:29  Cyclone, Widow Mine  
  61  7:30  Factory Tech Lab  
  61  7:35  SCV  
  62  7:44  SCV  
  63  7:47  SCV  
  63  7:50  Factory Tech Lab  
  64  7:52  Widow Mine  
  64  7:56  SCV  
  67  8:04  Command Center  
  64  8:25  Siege Tank  
  67  8:27  Siege Tank  
  70  8:35  Starport, SCV x2  
  74  8:41  Widow Mine  
  74  8:47  SCV  
  74  8:48  SCV  
  70  9:19  Cyclone x2  
  70  9:20  Cyclone x2  
  71  9:33  Missile Turret  
  71  9:39  SCV  
  71  9:40  SCV  
  71  9:41  Missile Turret  
  71  9:44  SCV  
  74  9:51  SCV, Cyclone  
  74  9:52  Widow Mine x2, SCV  
  83  9:54  Viking, Refinery  
  83  9:58  Viking  
  87  10:02  Widow Mine  
  89  10:07  SCV  
  89  10:12  Planetary Fortress  
  91  10:14  SCV  
  91  10:20  SCV, Missile Turret  
  90  10:38  Widow Mine  
  92  10:51  Widow Mine x2  
  93  11:07  Widow Mine  
  92  11:24  Command Center  
  92  11:29  Command Center  
  92  11:36  Command Center  
  92  11:38  Ghost Academy x2  
  92  11:40  Barracks Tech Lab  
  92  12:28  SCV  
  93  12:34  Supply Depot, SCV, Widow Mine x4  
  93  12:35  Supply Depot  
  93  12:36  Supply Depot  
  93  12:37  Personal Cloaking, Nuke  
  102  12:39  Supply Depot  
  102  12:40  Supply Depot  
  102  12:48  Ghost, Supply Depot x2  
  104  12:55  Widow Mine  
  104  12:56  Missile Turret  
  102  12:58  Missile Turret  
  102  13:01  Planetary Fortress  
  102  13:02  Refinery  
  102  13:08  Cyclone x3  
  102  13:12  SCV x3  
  114  13:16  Ghost  
  116  13:36  Widow Mine  
  116  13:40  Widow Mine, Siege Tank  
  116  13:41  Widow Mine  
  125  13:45  Ghost  
  127  14:02  Nuke  
  127  14:06  Cyclone x2  
  127  14:07  Cyclone, Nuke  
  136  14:13  Cyclone, Ghost  
  131  14:42  Ghost  
  125  15:10  Ghost  
  125  15:13  Nuke  
  127  15:18  Planetary Fortress  
  127  15:23  Nuke  
  127  15:29  Refinery  
  127  15:32  Siege Tank x3  
  136  15:39  Ghost  
  138  15:48  Refinery  
  138  15:51  Refinery  
  116  16:04  Cyclone x3  
  116  16:05  Nuke  
  116  16:07  Ghost  
  127  16:12  Factory  
  127  16:13  Factory  
  127  16:14  Factory  
  110  16:36  Widow Mine x2  
  110  16:37  Widow Mine  
  107  16:57  Cyclone  
  107  16:58  Cyclone, Siege Tank  
  96  17:30  Siege Tank x3  
  96  17:32  Nuke x2  
  76  18:02  Cyclone x3, SCV  
  86  18:07  SCV  
  81  18:14  SCV  
  82  18:20  Ghost  
  82  18:26  SCV  
  85  18:34  Siege Tank x3  
  81  18:38  SCV  
  79  18:50  SCV  
  79  18:54  Hellion  
  79  18:55  Hellion x2  
  87  19:02  SCV  
  87  19:06  Siege Tank x2, Cyclone  
  96  19:14  SCV  
  96  19:16  Hellion x2  
  101  19:27  SCV  
  99  19:38  Cyclone  
  100  19:39  SCV  
  99  19:49  Cyclone  
  100  20:09  Cyclone  
  103  20:23  Command Center  
  103  20:31  Command Center  
  103  20:47  Cyclone  
  106  21:01  SCV x2  
  108  21:10  Nuke  
  108  21:13  SCV  
  109  21:30  SCV x2  
  111  21:36  Refinery  
  111  21:42  SCV  
  111  21:44  Refinery  
  111  21:46  Refinery  
  110  21:56  Refinery  
  103  22:20  Cyclone x3  
  81  22:52  Factory Tech Lab x3, Cyclone x2  
  81  22:53  Cyclone  
  81  22:55  Factory Tech Lab  
  81  22:56  SCV  
  91  22:59  Refinery  
  91  23:08  SCV  
  92  23:13  Missile Turret x2  
  92  23:15  Command Center, Missile Turret  
  92  23:16  Missile Turret  
  92  23:17  Missile Turret  
  92  23:18  Missile Turret x3  
  92  23:21  Command Center  
  92  23:23  Cyclone  
  92  23:24  Cyclone x5  
  92  23:25  Cyclone  
  113  23:36  SCV  
  129  24:19  Thor x3  
  129  24:20  Thor  
  144  24:25  Nuke x2, Ghost  
  134  24:53  Ghost  
  136  25:05  Planetary Fortress  
  135  25:09  Thor x3  
  121  25:29  Thor x2  
  133  25:41  Cyclone  
  133  25:42  Viking  
  129  26:11  Cyclone x3  
  124  26:28  SCV  
  124  26:36  Orbital Command  
  124  26:40  SCV  
  124  26:42  Refinery  
  125  26:48  Orbital Command  
  125  26:49  Factory Tech Lab  
  125  26:51  Widow Mine  
  125  26:52  SCV  
  128  26:57  Ghost Academy  
  128  26:58  Ghost Academy  
  128  27:01  Cyclone x2  
  128  27:03  Hellion  
  128  27:04  Hellion x2  
  128  27:05  SCV  
  141  27:12  Hellion  
  143  27:17  SCV  
  144  27:30  Cyclone x2  
  144  27:33  Cyclone  
  146  27:38  Orbital Command  
  140  27:49  Engineering Bay  
  140  27:58  Cyclone  
  120  28:53  Missile Turret x2  
  120  28:54  Missile Turret  
  119  28:55  Missile Turret  
  119  29:00  Command Center  
  99  29:28  Factory Tech Lab  
  99  29:33  Factory Tech Lab  
  99  29:39  Missile Turret  
  99  29:40  Missile Turret  
  99  29:41  Factory Tech Lab, SCV  
  100  29:48  Refinery  
  100  29:53  SCV  
  100  29:56  Missile Turret  
  100  29:57  Cyclone x2  
  100  29:58  Missile Turret  
  105  30:05  SCV  
  105  30:29  Cyclone  
  105  30:32  Command Center  
  108  30:38  Factory  
  98  31:54  Supply Depot  
  98  31:56  Supply Depot  
  98  31:57  Supply Depot  
  98  31:58  Supply Depot  
  98  31:59  Supply Depot  
  98  32:01  Supply Depot x2  
  98  32:03  Supply Depot  
  93  32:21  Cyclone x2  
  99  32:23  Cyclone  
  97  32:42  Supply Depot x2  
  94  32:53  Cyclone, Hellion  
  94  32:54  Supply Depot x2  
  94  32:55  Hellion  
  101  33:05  Engineering Bay  
  101  33:15  Hellion  
  101  33:16  Hellion  
  105  33:25  Hellion  
  105  33:42  Siege Tank  
  104  34:24  Factory Tech Lab  
  81  35:20  Orbital Command  
  81  35:29  SCV  
  81  35:32  Hellion  
  84  35:41  SCV  
  85  35:45  Orbital Command  
  85  36:17  SCV, Hellion  
  85  36:19  Hellion  
  85  36:20  Hellion  
  83  36:29  SCV  
  84  36:53  Command Center  
  84  36:55  Command Center  
  84  37:03  Command Center  
  78  37:46  SCV  
  79  38:18  Factory Tech Lab  
  77  38:39  Refinery  
  77  38:43  Refinery, Hellion x2  
  77  38:44  Hellion  
  83  38:50  SCV x3  
  83  38:53  Refinery  
  85  38:59  SCV  
  85  39:02  SCV x4  
  90  39:08  Factory Tech Lab x2  
  90  39:11  SCV  
  90  39:14  SCV x3  
  94  39:23  SCV  
  95  39:26  SCV  
Show
View Real Time Build Order
Export as new Build Order

Чувашин Terran 

Build Orders:  

Get SALT Encoding   

  12  0:01  SCV  
  13  0:15  Supply Depot  
  13  0:17  SCV  
  14  0:27  Refinery  
  14  0:30  SCV  
  15  0:42  SCV  
  16  0:48  Barracks  
  16  0:54  SCV  
  17  1:01  Refinery  
  17  1:06  SCV  
  19  1:18  SCV  
  19  1:35  Orbital Command  
  19  1:38  Factory  
  19  1:40  Barracks Tech Lab  
  19  1:54  Supply Depot  
  19  1:59  Marauder  
  19  2:00  Concussive Shells  
  21  2:05  SCV  
  22  2:19  SCV  
  22  2:21  Marauder  
  25  2:25  Hellion  
  27  2:31  SCV  
  27  2:59  SCV  
  27  3:04  Barracks Reactor  
  28  3:07  Cyclone  
  31  3:13  Supply Depot  
  31  3:18  Command Center  
  31  3:35  SCV  
  30  3:47  SCV  
  29  3:54  Siege Tank  
  30  4:02  SCV  
  31  4:06  Starport  
  31  4:07  Barracks Tech Lab  
  31  4:13  Supply Depot  
  32  4:24  SCV  
  32  4:29  Factory  
  32  4:31  Orbital Command  
  32  4:37  Supply Depot  
  29  4:49  Viking x2  
  33  4:55  Siege Tank  
  36  5:07  SCV  
  36  5:09  Refinery, Engineering Bay  
  36  5:10  SCV  
  38  5:20  SCV  
  39  5:22  SCV  
  39  5:24  Siege Tank  
  43  5:32  SCV  
  44  5:37  SCV  
  45  5:44  Command Center, SCV  
  45  5:46  Missile Turret  
  45  5:49  SCV  
  47  5:54  Refinery  
  47  6:01  Missile Turret  
  36  6:20  Viking x2  
  36  6:22  Siege Tank  
  40  6:27  SCV  
  41  6:33  Barracks Reactor  
  41  6:42  Siege Tank  
  41  6:44  Starport  
  41  6:45  SCV  
  41  6:46  SCV  
  46  6:50  Viking  
  48  6:57  SCV  
  48  6:58  SCV  
  48  6:59  Armory  
  50  7:07  Missile Turret  
  50  7:08  Missile Turret  
  51  7:09  SCV  
  51  7:10  SCV  
  51  7:13  Orbital Command  
  52  7:22  SCV  
  53  7:31  Viking x2  
  53  7:33  Viking x2  
  53  7:37  Siege Tank  
  64  7:39  SCV  
  64  7:42  SCV x2  
  64  7:44  Refinery  
  67  7:49  Terran Ship Weapons Level 1  
  67  7:51  SCV  
  67  7:54  SCV  
  67  7:55  SCV  
  67  7:58  Siege Tank  
  73  8:03  SCV  
  74  8:07  Supply Depot  
  74  8:09  Supply Depot  
  74  8:11  Supply Depot  
  74  8:13  SCV x2  
  76  8:30  SCV  
  76  8:31  SCV  
  76  8:32  SCV  
  79  8:39  Missile Turret  
  79  8:40  Missile Turret  
  79  8:42  SCV  
  79  8:43  SCV  
  79  8:46  SCV  
  79  8:47  Missile Turret  
  81  8:54  SCV  
  82  9:02  SCV x2  
  82  9:07  SCV  
  69  9:36  Supply Depot x2  
  69  9:40  Supply Depot  
  69  9:47  SCV x3  
  72  9:53  Viking x4  
  72  9:54  Supply Depot, Siege Tank x2  
  72  9:55  Command Center  
  72  9:56  Missile Turret  
  72  9:57  Terran Ship Weapons Level 2  
  72  9:59  SCV x3  
  89  10:04  Armory  
  88  10:08  Armory  
  88  10:11  SCV  
  88  10:13  Missile Turret  
  89  10:23  Missile Turret  
  89  10:26  Siege Tank x2  
  94  10:38  SCV x2  
  94  10:41  Viking x3  
  100  10:58  Siege Tank  
  100  10:59  Siege Tank  
  102  11:17  SCV x3  
  105  11:29  SCV x3  
  108  11:40  Viking x4  
  108  11:41  SCV x3  
  108  11:42  Siege Tank x2  
  125  11:48  Refinery  
  125  11:49  Refinery  
  125  11:53  SCV x3  
  128  11:55  Planetary Fortress  
  128  12:01  Sensor Tower  
  128  12:04  Terran Vehicle And Ship Armor Level 1, Terran Vehicle Weapons Level 1  
  128  12:05  SCV x3  
  130  12:10  Viking  
  130  12:14  Siege Tank  
  134  12:26  Viking x3  
  134  12:29  SCV x2  
  142  12:32  SCV x2  
  144  12:41  SCV x2  
  146  12:44  SCV x2  
  148  12:57  Missile Turret, SCV x3  
  151  12:59  Missile Turret  
  151  13:01  SCV  
  151  13:04  Viking  
  151  13:05  Viking x3  
  160  13:07  Terran Ship Weapons Level 3, Refinery  
  160  13:13  SCV  
  160  13:14  SCV  
  160  13:15  SCV x2  
  160  13:16  Command Center  
  164  13:43  Missile Turret, Viking x4  
  172  13:48  Supply Depot  
  172  13:49  Supply Depot  
  172  13:50  Supply Depot x2  
  172  13:52  Supply Depot x2  
  172  13:56  SCV x3  
  175  14:05  Fusion Core  
  175  14:11  Missile Turret  
  175  14:12  Starport  
  175  14:14  Supply Depot  
  175  14:22  Starport  
  162  15:24  Viking  
  162  15:25  Viking x3  
  162  15:27  Unknown  
  170  15:32  Missile Turret  
  170  15:33  Missile Turret  
  169  15:37  Missile Turret  
  167  15:53  Missile Turret x2  
  160  16:09  Missile Turret x2  
  160  16:12  Missile Turret  
  160  16:13  Orbital Command  
  160  16:16  Missile Turret x2  
  160  16:17  Missile Turret  
  136  16:19  Missile Turret  
  126  16:37  Missile Turret  
  120  16:45  Missile Turret  
  109  17:21  SCV x2  
  111  17:24  Viking x4  
  111  17:26  Siege Tank x2  
  96  17:46  Orbital Command  
  93  17:54  Viking x3  
  93  17:58  Siege Tank x2  
  83  18:18  SCV x3  
  82  18:30  SCV x3, Starport Tech Lab x2, Siege Tank  
  82  18:31  Command Center  
  83  18:47  Viking x4  
  85  18:50  Missile Turret  
  85  18:51  Missile Turret  
  85  18:53  Missile Turret  
  85  18:55  Raven  
  85  19:04  Refinery  
  85  19:05  Refinery  
  85  19:06  Missile Turret x2  
  85  19:08  Missile Turret  
  85  19:14  Missile Turret  
  85  19:16  Missile Turret, Viking  
  85  19:17  Viking  
  87  19:18  Starport  
  87  19:21  Starport  
  88  19:38  Battlecruiser x2  
  100  19:39  Terran Vehicle And Ship Armor Level 2  
  100  19:48  Command Center  
  96  20:20  SCV x2  
  95  20:23  Starport Tech Lab  
  95  20:24  Starport Tech Lab  
  95  20:42  Battlecruiser  
  95  21:00  Battlecruiser  
  101  21:15  SCV  
  101  21:16  SCV  
  103  21:19  SCV  
  101  21:27  SCV  
  101  21:28  SCV  
  103  21:40  Orbital Command  
  86  22:42  Battlecruiser  
  86  22:43  Battlecruiser x2  
  98  22:45  SCV x3  
  98  22:47  SCV  
  98  22:50  Viking x3  
  98  22:51  Viking x2  
  112  22:57  SCV x3  
  115  22:58  Command Center  
  115  22:59  SCV  
  116  23:09  Siege Tank x2, SCV  
  116  23:11  Command Center  
  123  23:16  SCV x2  
  123  23:17  SCV  
  126  23:21  SCV  
  127  23:28  Missile Turret  
  127  23:29  Missile Turret x2  
  127  23:31  Missile Turret x2  
  127  23:53  Terran Vehicle And Ship Armor Level 3, Terran Vehicle Weapons Level 2  
  127  23:54  Missile Turret  
  127  23:56  Sensor Tower  
  127  23:57  Missile Turret  
  124  24:06  Sensor Tower  
  123  24:17  Command Center, Battlecruiser  
  128  24:24  Missile Turret  
  128  24:28  Missile Turret x2  
  128  24:35  Orbital Command  
  127  24:41  Missile Turret  
  127  24:46  Missile Turret  
  127  24:47  Command Center  
  127  24:51  Missile Turret  
  127  24:52  Sensor Tower  
  127  24:55  Missile Turret  
  127  25:03  Sensor Tower  
  92  25:54  Battlecruiser x4  
  86  26:30  Viking  
  76  26:37  Refinery  
  76  26:38  Refinery  
  76  26:46  Orbital Command  
  76  26:47  Orbital Command  
  76  26:48  Refinery  
  76  26:51  Viking x3  
  76  26:52  Refinery  
  82  26:54  Command Center  
  82  26:57  SCV  
  82  26:58  SCV x2, Battlecruiser  
  91  27:09  SCV  
  91  27:10  SCV  
  91  27:16  Command Center  
  82  28:17  Battlecruiser x2  
  94  28:28  Viking  
  64  29:29  Battlecruiser  
  70  29:42  Unknown  
  70  29:45  Viking  
  70  29:46  Viking  
  73  29:53  Command Center  
  57  30:11  Viking x2  
  55  30:55  Viking x3  
  35  31:53  Orbital Command  
  35  32:03  Viking x3  
  35  32:08  Siege Tank  
  44  32:17  Viking  
  44  32:44  Orbital Command  
  44  32:48  Viking  
  44  32:49  Viking x2  
  40  33:13  Viking  
  41  33:25  SCV  
  40  33:35  SCV x3  
  40  33:37  SCV  
  44  33:48  Viking x3  
  21  35:00  Viking  
  21  35:01  Viking x4  
  26  35:28  Orbital Command  
  26  35:29  SCV x2  
  28  35:40  Siege Tank  
  28  35:41  SCV x2  
  19  36:27  Viking  
  17  37:27  Orbital Command  
  4  37:58  SCV  
  5  38:14  SCV  
  5  38:15  SCV  
  7  38:27  SCV x2  
  9  38:39  Siege Tank, SCV x2  
  14  38:48  Refinery x2  
  14  38:51  SCV  
  13  38:56  SCV  
  14  39:03  SCV  
  14  39:08  SCV  
  16  39:15  SCV  
Tags
 
Composition
Mech
Matchup
TvT
Race
Terran
Spawn Locations
Cross Positions
Add a new tag
Caveats
  • Supply blocks, unpowered buildings, or Contaminate may cause inaccurate times.
  • Supply counts are checked every 10 seconds.